 Dungeon Crawl Stone Soup version 0.17.0-56-gd8de76c (console) character file.

32 Kloppie the Stinger (level 3, 0/28 HPs)
             Began as a Draconian Venom Mage on Dec 5, 2015.
             Succumbed to an adder's poison
             ... on level 2 of the Dungeon.
             The game lasted 00:02:32 (1521 turns).

Kloppie the Stinger (Draconian Venom Mage)          Turns: 1521, Time: 00:02:32

Health: 0/28       AC:  5    Str: 10    XL:     3   Next: 8%
Magic:  1/6        EV: 12    Int: 16    God:
Gold:   30         SH:  0    Dex: 11    Spells: 1 memorised, 5 levels left

rFire  . . .     SeeInvis .     c - +0 club
rCold  . . .     Clarity  .     (armour unavailable)
rNeg   . . .     SustAt   .     (no shield)
rPois  .         Gourm    .     (helmet restricted)
rElec  .         Spirit   .     (no cloak)
rCorr  .         Warding  .     (no gloves)
rMut   .         Stasis   .     (no boots)
MR     .....                    (no amulet)
Stlth  ++........               (no ring)
                                (no ring)

@: lethally poisoned (0 -> -11), not resistant to hostile enchantments,
unstealthy
A: unfitting armour, cold-blooded, AC +5
a: no special abilities


You were on level 2 of the Dungeon.
You were hungry.

You visited 1 branch of the dungeon, and saw 2 of its levels.

You collected 30 gold pieces.

Inventory:

Hand Weapons
 c - a +0 club (weapon)
Scrolls
 e - 2 scrolls of magic mapping {unknown}
 g - a scroll of fog {unknown}
 h - a scroll of enchant armour {unknown}
 i - a scroll of recharging {unknown}
 k - a scroll of fear {unknown}
 m - 2 scrolls of teleportation {unknown}
 p - a scroll of blinking {unknown}
Potions
 f - a potion of cancellation {unknown}
Books
 a - a Young Poisoner's Handbook

   Spells                             Type                      Level
   a - Sting                          Conjuration/Poison           1
   b - Cure Poison                    Poison                       2
   c - Mephitic Cloud                 Conjuration/Poison/Air       3
   d - Olgreb's Toxic Radiance        Poison                       4
   e - Venom Bolt                     Conjuration/Poison           5
Comestibles
 b - 2 bread rations
 d - 2 fruits
 j - a meat ration
 l - a slice of pizza
 n - a royal jelly
 o - a chunk of flesh


   Skills:
 + Level 1.5 Fighting
 + Level 2.2 Dodging
 - Level 1.7 Stealth
 - Level 2.0 Spellcasting
 + Level 4.4 Poison Magic


You had 5 spell levels left.
You knew the following spells:

 Your Spells              Type           Power        Failure   Level  Hunger
a - Sting                 Conj/Pois      #...         10%         1    #......


Dungeon Overview and Level Annotations

Branches:
Dungeon (2/15)

Altars:


Innate Abilities, Weirdness & Mutations

Your plain brown scales are hard (AC +5).
Your body does not fit into most forms of armour.
You are cold-blooded and may be slowed by cold attacks.


Message History

* * * LOW HITPOINT WARNING * * *
You feel sick. The adder closely misses you. The adder barely misses you.
You hit the adder.
The adder is severely wounded.
* * * LOW HITPOINT WARNING * * *
You feel sick. The adder barely misses you.
You barely miss the adder.
The adder is severely wounded.
* * * LOW HITPOINT WARNING * * *
You feel sick. The adder misses you. The adder bites you.
* * * LOW HITPOINT WARNING * * *
You are more poisoned.
The adder poisons you!
You hit the adder.
You kill the adder!
You have reached level 3!
Your experience leads to an increase in your attributes!
Increase (S)trength, (I)ntelligence, or (D)exterity?
You feel clever.
Your scales feel tougher.
You die...

##.# #.#....###
#.# #.#..... #.#
#.# #.### #.##
#...# #.<# #...#
#..# #...# #..#
##### ###.## #†.#
#...# #..# #@.#
#...# ##.#
#..###### #...#
#.# #........
#...# #.##
#.######.
#...######..###.#
#.[..........##.#
#............##.#
##............##.#
..##..........##.#


There were no monsters in sight!

Vanquished Creatures
  An adder (D:2)
  3 bats
  A giant cockroach (D:1)
  4 hobgoblins (D:1)
  A giant gecko (D:1)
  4 giant newts (D:1)
  5 goblins
  A kobold (D:1)
  4 rats (D:1)
24 creatures vanquished.

Notes
Turn   | Place    | Note
--------------------------------------------------------------
     0 | D:1      | Kloppie the Draconian Venom Mage began the quest for the Orb.
     0 | D:1      | Reached XP level 1. HP: 14/14 MP: 3/3
   200 | D:1      | Reached skill level 1 in Fighting
   333 | D:1      | Reached XP level 2. HP: 23/23 MP: 1/5
  1520 | D:2      | HP: 1/23 [adder (3)]
  1521 | D:2      | Reached XP level 3. HP: 1/28 MP: 0/6
  1521 | D:2      | Succumbed to an adder's poison

Action                   || total
-------------------------++-------
Melee: Club              ||    47
 Cast: Sting             ||    36
  Eat: Chunk             ||     2
